 Dungeon Crawl Stone Soup version 0.28-b1-25-g9875b3fc8c (webtiles) character file.

Game seed: 6089800621625263685

133 cayde69 the Skirmisher (level 5, 0/51 HPs)
             Began as a Hill Orc Fighter on Feb 2, 2022.
             Was a Follower of Yredelemnul.
             Slain by Sigmund (14 damage)
             ... on level 3 of the Dungeon.
             The game lasted 00:03:35 (2344 turns).

cayde69 the Skirmisher (Hill Orc Fighter)           Turns: 2344, Time: 00:03:36

Health: 0/51       AC:  0    Str: 21    XL:     5   Next: 16%
Magic:  5/5        EV: 13    Int:  8    God:    Yredelemnul [*.....]
Gold:   110        SH:  0    Dex: 10    Spells: 4/4 levels left

rFire   . . .      SeeInvis .   (weapon currently unavailable)
rCold   . . .      Faith    .   (shield currently unavailable)
rNeg    . . .      Spirit   .   (armour currently unavailable)
rPois   .          Reflect  .   (helmet currently unavailable)
rElec   .          Harm     .   (cloak currently unavailable)
rCorr   .          Rampage  .   (gloves currently unavailable)
Will    .....                   (boots currently unavailable)
Stlth   +.........              (no amulet)
HPRegen 0.17/turn               (ring currently unavailable)
MPRegen 0.09/turn               (ring currently unavailable)

@: confused, pig-form, very quick
A: fast, no casting, small
a: Renounce Religion, Recall Undead Harvest


You were on level 3 of the Dungeon.
You worshipped Yredelemnul.
Yredelemnul was noncommittal.
You were a filthy swine.
You visited 1 branch of the dungeon, and saw 3 of its levels.

You collected 110 gold pieces.

Inventory:

Hand Weapons
 a - a +0 war axe (melded)
Armour
 b - a +0 scale mail (melded)
 c - a +0 buckler (melded)
Scrolls
 f - a scroll of fog {unknown}
 h - 2 scrolls of teleportation {unknown}
 j - a scroll of fear {unknown}
 l - a scroll of immolation {unknown}
 m - a scroll of identify {unknown}
 n - a scroll of magic mapping {unknown}
Potions
 d - a potion of might
 e - 2 potions of curing
 g - a potion of cancellation {unknown}
 i - a potion of magic {unknown}
 k - a potion of brilliance {unknown}
 o - a potion of lignification {unknown}


   Skills:
 + Level 6.4 Fighting
 - Level 2.6 Axes
 - Level 3.2 Armour
 + Level 1.0 Dodging
 + Level 0.1 Stealth
 - Level 3.2 Shields
 + Level 0.5 Invocations


You had 4 spell levels left.
You didn't know any spells.
Your spell library contained the following spells:

 Spells                   Type           Power      Damage    Failure   Level
 Blade Hands              Tmut           0%         N/A       100%        5
 Irradiate                Conj/Tmut      0%         3d14      100%        5
 Dragon Form              Tmut           0%         N/A       100%        7
 Malign Gateway           Summ/Tloc      0%         N/A       100%        7
 Summon Horrible Things   Summ           0%         N/A       100%        8


Dungeon Overview and Level Annotations

Branches:
Dungeon (3/15)

Altars:
Fedhas
Yredelemnul

Annotations:
D:3 Sigmund


Message History

Okay, then.
It was a potion of curing.
You feel better.
Your adder zombie barely misses something.
Something hits you!
Unknown command.
You are too injured to fight recklessly!
Okay, then.
You miss something.
Your adder zombie bites something.
You miss something.
Your adder zombie misses something.
You hear some strange, mumbled words.
You are confused.
Are you sure you want to stumble around while confused and next to your quokka zombie? [Y]es or [N]o only, please.
Are you sure you want to stumble around while confused and next to your quokka zombie? [Y]es or [N]o only, please.
Are you sure you want to stumble around while confused and next to your quokka zombie?
Okay, then.
Are you sure you want to stumble around while confused and next to your quokka zombie? [Y]es or [N]o only, please.
Are you sure you want to stumble around while confused and next to your quokka zombie? [Y]es or [N]o only, please.
Are you sure you want to stumble around while confused and next to your quokka zombie?
Okay, then.
Are you sure you want to stumble around while confused and next to your quokka zombie? [Y]es or [N]o only, please.
Are you sure you want to stumble around while confused and next to your quokka zombie?
Your adder zombie barely misses something.
Something hits you.
* * * LOW HITPOINT WARNING * * *
Are you sure you want to stumble around while confused and next to your jackal zombie?
There is a strange disturbance nearby!
You bump into the rock wall.
You hear some strange, mumbled words.
Something tries to affect you, but you resist.
Are you sure you want to stumble around while confused and next to your jackal zombie?
You're too confused to move!
Your adder zombie closely misses something.
Something hits you!
You die...
Your body rises from the dead as a mindless zombie.

#..ZZ.Z#
####.####Z#######
#..#.#..#.ZZ..ZZ#
#...#Z..#######.###
####Z####......ZZ.#######
#.#Z# #####...Z........
####Z#### #............
#.#ZZ.#.# #..ZZZ.#####.
#...Z...# #...h..#
#...Z...# ###.##.#
#...Z...# #.# .#
#....Z..# ... .#
#...Z...# ##. ##
#....Z..# #. #.......#
... #...⌠Z..# #..###
#....Z..# ....


You could see a friendly ball python zombie, 2 friendly adder zombies, a
friendly quokka zombie, 2 friendly jackal zombies, a friendly gnoll zombie and a
friendly orc zombie.

Vanquished Creatures
  An orc priest (D:3)
  2 adders
  A worm (D:2)
  2 dart slugs
  7 orcs (D:3)
  An endoplasm (D:2)
  6 giant cockroaches
  3 hobgoblins
  3 jackals (D:3)
  2 kobolds (D:1)
  2 quokkas (D:3)
  A ball python (D:3)
  2 bats (D:1)
  A frilled lizard (D:1)
  4 goblins
  3 rats
41 creatures vanquished.

Vanquished Creatures (collateral kills)
  A gnoll (D:3)
  An adder (D:3)
  An orc (D:3)
  A bat (D:1)
  A goblin (D:1)
  A hobgoblin (D:1)
  A jackal (D:3)
  A quokka (D:3)
  A rat (D:1)
9 creatures vanquished.

Vanquished Creatures (others)
  A hobgoblin zombie (D:3)
  An orc zombie (D:3)
  A quokka zombie (D:3)
3 creatures vanquished.

Grand Total: 53 creatures vanquished

Notes
Turn   | Place    | Note
-------+----------+-------------------------------------------
     0 | D:1      | cayde69 the Hill Orc Fighter began the quest for the Orb.
     0 | D:1      | Reached XP level 1. HP: 19/19 MP: 1/1
    60 | D:1      | Found a faded altar of an unknown god.
   199 | D:1      | Prayed at the altar of an unknown god.
   199 | D:1      | Became a worshipper of Yredelemnul the Dark
   199 | D:1      | Reached * piety under Yredelemnul
   257 | D:1      | Reached skill level 4 in Fighting
   262 | D:1      | Reached XP level 2. HP: 25/27 MP: 2/2
  1148 | D:2      | Reached skill level 5 in Fighting
  1148 | D:2      | Reached XP level 3. HP: 36/36 MP: 3/3
  1283 | D:2      | Found a blossoming altar of Fedhas.
  1894 | D:3      | Reached XP level 4. HP: 42/42 MP: 4/4
  1908 | D:3      | Reached skill level 6 in Fighting
  2283 | D:3      | Reached XP level 5. HP: 51/51 MP: 5/5
  2289 | D:3      | Reached ** piety under Yredelemnul
  2290 | D:3      | Reached skill level 1 in Dodging
  2325 | D:3      | Noticed Sigmund
  2344 | D:3      | Slain by Sigmund

Illustrated notes

Levels and vault maps discovered:
D:1:      tarquinn_simple_flora_water_f, layout_basic, basic_ecumenical_altar,
          chequers_serial_rivers_small_a
D:2:      layout_rooms, basic_altar
D:3:      layout_loops_ring, old_standard_altar, amcnicky_mini_pool_small,
          kennysheep_cluttered_room, wad_rectangle_vault, uniq_sigmund

Skill      XL: |  1  2  3  4  5 |
---------------+----------------+-----
Fighting       | 4 5 6 |  6.4
Dodging        | 1 |  1.0
Axes           | |  2.6
Armour         | |  3.2
Stealth        | |  0.1
Shields        | |  3.2
Invocations    | |  0.5

Action                   |  1- 3 |  4- 6 || total
-------------------------+-------+-------++-------
Melee: War axe           |    59 |    38 ||    97
       Unarmed           |       |     7 ||     7
Invok: Recall Undead Har |     2 |       ||     2
  Use: Potion            |       |     1 ||     1
Armor: Scale mail        |    38 |    16 ||    54
Dodge: Dodged            |    34 |    11 ||    45
Block: Buckler           |    12 |    11 ||    23
